Map: Nightscape LE

Players

SashaGrey - Winner!

  • Race: Terran Terran
  • League: Master
  • Spawn Location: 1:00

twojstara - Winner!

  • Race: Protoss Protoss
  • Spawn Location: 1:00

Massa

  • Race: Terran Terran
  • League: Platinum
  • Spawn Location: 7:00

qqq

  • Race: Zerg Zerg
  • Spawn Location: 7:00

VOD

Have the link to the VOD?

Description

Time

  • Played on: Nov. 11, 2020, 3:14 p.m.
  • Length: 6:10
Show
View Real Time Build Order
Export as new Build Order

SashaGrey Terran - Winner!

Build Orders: 2 Factory, Hellion Opening 

Get SALT Encoding   

  12  0:00  SCV  
  13  0:12  SCV  
  14  0:24  SCV  
  15  0:35  Supply Depot  
  15  0:40  Refinery  
  15  0:45  Refinery  
  15  0:57  SCV  
  16  1:00  Barracks  
  16  1:09  SCV  
  17  1:21  SCV  
  18  1:32  Supply Depot  
  18  1:33  SCV  
  19  1:54  Orbital Command  
  19  2:02  Factory  
  19  2:04  Factory  
  19  2:07  Barracks Tech Lab  
  19  2:26  Supply Depot  
  19  2:34  Barracks Reactor  
  19  2:50  Hellion  
  21  2:55  Infernal Pre-Igniter  
  21  2:57  Hellion  
  23  3:03  Supply Depot  
  23  3:09  Supply Depot  
  23  3:18  Hellion  
  25  3:20  Hellion  
  25  3:21  Hellion  
  25  3:22  Barracks Reactor  
  29  3:31  Supply Depot  
  29  3:33  SCV  
  30  3:39  Hellion  
  32  3:42  Hellion x2  
  36  3:57  SCV, Supply Depot  
  36  4:01  Hellion  
  39  4:03  Hellion x2  
  43  4:16  Barracks Tech Lab  
  43  4:21  Supply Depot  
  43  4:35  Hellion x3  
  49  4:46  Engineering Bay  
  49  4:48  SCV  
  49  4:51  Widow Mine  
  52  4:56  Widow Mine x2  
  44  5:20  Hellion x2  
  44  5:21  Hellion x2  
  37  5:42  SCV  
Show
View Real Time Build Order
Export as new Build Order

twojstara Protoss - Winner!

Build Orders:  

Get SALT Encoding   

  12  0:00  Probe  
  13  0:13  Probe  
  14  0:25  Probe  
  14  0:27  Pylon  
  15  0:45  Probe (Chrono Boost)  
  16  0:54  Probe (Chrono Boost)  
  17  0:59  Probe (Chrono Boost)  
  18  1:11  Probe, Nexus  
  19  1:19  Gateway  
  19  1:28  Probe  
  20  1:38  Assimilator  
  20  1:40  Probe  
  20  1:42  Assimilator  
  21  1:49  Pylon  
  21  1:52  Probe  
  22  2:04  Probe  
  22  2:06  Cybernetics Core  
  23  2:16  Probe  
  24  2:28  Probe  
  25  2:38  Probe  
  25  2:40  Probe  
  25  2:41  Warp Gate (Chrono Boost)  
  27  2:45  Pylon  
  27  2:46  Adept  
  27  2:50  Probe  
  30  2:52  Probe  
  30  2:55  Twilight Council  
  31  3:00  Gateway  
  31  3:02  Probe (Chrono Boost)  
  31  3:05  Probe (Chrono Boost)  
  33  3:14  Probe (Chrono Boost)  
  33  3:16  Probe (Chrono Boost)  
  33  3:17  Adept  
  37  3:20  Probe (Chrono Boost)  
  37  3:21  Probe (Chrono Boost)  
  37  3:27  Gateway  
  39  3:33  Robotics Facility  
  39  3:35  Probe  
  39  3:38  Charge (Chrono Boost)  
  40  3:52  Gateway  
  40  4:01  Gateway  
  40  4:02  Gateway  
  40  4:09  Gateway  
  40  4:12  Gateway  
  40  4:14  Pylon  
  40  4:15  Pylon  
  40  4:17  Pylon  
  40  4:20  Pylon  
  40  4:24  Stalker  
  40  4:29  Warp Prism  
  44  4:36  Pylon  
  44  4:53  Stalker x4  
  52  5:11  Pylon  
  52  5:14  Stalker  
  52  5:15  Zealot x3  
  52  5:16  Zealot  
  52  5:17  Zealot x2  
  52  5:18  Zealot  
  68  5:34  Pylon  
  68  5:35  Pylon  
  66  5:46  Zealot, Stalker x2  
  66  5:47  Zealot x2  
  74  5:54  Zealot x2  
  78  5:58  Zealot  
Show
View Real Time Build Order
Export as new Build Order

Massa Terran 

Build Orders:  

Get SALT Encoding   

  12  0:00  SCV  
  13  0:12  SCV  
  14  0:22  Supply Depot  
  14  0:25  SCV  
  15  0:42  Refinery  
  15  0:44  SCV  
  15  0:45  Barracks  
  16  0:56  SCV  
  17  1:08  SCV  
  18  1:20  SCV  
  17  2:01  SCV  
  18  2:13  SCV  
  19  2:41  SCV  
  20  2:47  Barracks  
  20  2:52  Command Center  
  20  2:59  Barracks  
  20  3:00  Supply Depot  
  20  3:04  Barracks, Factory  
  20  3:05  Orbital Command, Supply Depot  
  20  3:07  Supply Depot  
  20  3:24  Barracks Tech Lab  
  20  3:33  SCV  
  21  3:37  Marine  
  22  3:45  SCV  
  23  3:49  Marauder, Marine  
  23  3:55  Marine  
  28  3:56  Hellion  
  28  3:57  SCV  
  28  3:58  Marine  
  31  4:06  Marine  
  31  4:09  Marine  
  32  4:13  Marine  
  32  4:16  Marine  
  37  4:17  Widow Mine  
  37  4:22  Orbital Command  
  37  4:25  SCV  
  37  4:28  Marauder  
  40  4:47  Factory Tech Lab  
  40  4:48  Barracks Tech Lab x2  
  40  4:49  Barracks Tech Lab  
  40  4:50  SCV x2  
  42  5:02  SCV  
  42  5:03  SCV  
  42  5:34  Marauder x4  
  44  5:40  SCV x2  
  41  5:52  SCV x2  
Show
View Real Time Build Order
Export as new Build Order

qqq Zerg 

Build Orders: Hatch First 

Get SALT Encoding   

  12  0:00  Drone  
  13  0:10  Drone  
  14  0:40  Hatchery  
  13  0:48  Drone  
  14  0:58  Spawning Pool  
  13  1:09  Overlord  
  13  1:10  Drone  
  14  1:19  Extractor  
  14  1:37  Drone  
  15  1:41  Extractor  
  15  1:43  Drone x2  
  15  1:45  Queen  
  18  1:53  Queen  
  20  2:00  Drone  
  21  2:17  Drone x2  
  22  2:37  Drone x2  
  22  2:39  Drone x3  
  27  2:47  Drone  
  28  2:52  Overlord  
  28  2:53  Metabolic Boost  
  28  3:00  Overlord  
  28  3:13  Evolution Chamber  
  28  3:15  Zergling x4  
  28  3:16  Zergling x2  
  28  3:19  Zergling x2  
  31  3:21  Zergling x2  
  31  3:24  Zergling x2  
  33  3:27  Zergling x2  
  33  3:30  Zergling x2  
  35  3:34  Hatchery  
  35  3:35  Zergling x2  
  35  3:36  Zergling x2  
  35  3:38  Zergling x2  
  37  3:47  Lair  
  37  3:49  Zergling x2  
  37  3:52  Zergling x2  
  40  3:55  Zergling x2  
  40  3:58  Zergling x2  
  41  4:03  Overlord  
  41  4:06  Zergling x2  
  42  4:10  Zergling x2  
  42  4:11  Zergling x2  
  42  4:15  Overlord  
  39  4:35  Spine Crawler  
  39  4:36  Spine Crawler  
  39  4:37  Drone  
  39  4:38  Spine Crawler  
  37  4:39  Drone  
  37  4:44  Drone  
  40  4:45  Drone  
  40  4:48  Drone  
  40  4:52  Drone  
  26  5:15  Queen  
  26  5:16  Drone x2  
  26  5:17  Drone x3  
  31  5:36  Spine Crawler  
  31  5:37  Drone x2  
  32  5:43  Spine Crawler  
  32  5:44  Zergling x4  
  32  5:45  Spine Crawler  
  32  5:47  Zergling x2  
  32  5:49  Zergling x2  
  34  5:52  Zergling x2  
Tags
 
Add a new tag
Caveats
  • Supply blocks, unpowered buildings, or Contaminate may cause inaccurate times.
  • Supply counts are checked every 10 seconds.